 Dungeon Crawl Stone Soup version 0.22-b1-21-g5cfc168 (webtiles) character file.

84 Gorglomux the Ruffian (level 4, 0/42 HPs)
             Began as a Troll Wizard on Aug 3, 2018.
             Killed by divine providence
             ... invoked by an orc priest
              (13 damage)
             ... on level 4 of the Dungeon.
             The game lasted 00:00:39 (1211 turns).

Gorglomux the Ruffian (Troll Wizard)                Turns: 1211, Time: 00:00:40

Health: 0/42       AC:  5    Str: 15    XL:     4   Next: 23%
Magic:  6/6        EV: 10    Int: 14    God:
Gold:   63         SH:  0    Dex:  9    Spells: 6/7 levels left

rFire    . . .     SeeInvis .     - Unarmed
rCold    . . .     Gourm    +   (no shield)
rNeg     . . .     Faith    .   a - +0 robe
rPois    .         Spirit   .   b - +0 hat
rElec    .         Reflect  .   (no cloak)
rCorr    .         Harm     .   (gloves unavailable)
MR       .....                  (boots unavailable)
Stlth    +.........             (no amulet)
HPRegen  0.54/turn              (no ring)
MPRegen  0.10/turn              (no ring)

@: no status effects
A: large, unfitting armour, claws 3, fast metabolism 3, gourmand, regeneration
1, shaggy fur 1, tough skin 2
a: no special abilities


You were on level 4 of the Dungeon.
You were completely stuffed.

You visited 1 branch of the dungeon, and saw 3 of its levels.

You collected 63 gold pieces.

Inventory:

Armour
 a - a +0 robe (worn)
 b - a +0 hat (worn)
Scrolls
 e - 2 scrolls of teleportation {unknown}
 g - 6 scrolls of identify {unknown}
 i - a scroll of noise {unknown}
 j - a scroll of enchant weapon {unknown}
 n - 3 scrolls of amnesia {unknown}
 p - a scroll of immolation {unknown}
Potions
 h - a potion of lignification {unknown}
 k - a potion of flight {unknown}
 m - a potion of curing {unknown}
 o - a potion of berserk rage {unknown}
Comestibles
 d - 3 rations
 l - 2 chunks of flesh


   Skills:
 + Level 1.7 Fighting
 - Level 1.5 Dodging
 - Level 1.0 Stealth
 + Level 3.1 Unarmed Combat
 - Level 2.0 Spellcasting
 - Level 0.6 Conjurations
   Level 0.6 Summonings
   Level 0.6 Translocations


You had 6 spell levels left.
You knew the following spells:

 Your Spells              Type           Power        Failure   Level  Hunger
a - Magic Dart            Conj           #...         19%         1    ##.....

Your spell library contained the following spells:

 Spells                   Type           Power        Failure   Level  Hunger
 Conjure Flame            Conj/Fire      #.......     54%         3    ####...
 Slow                     Hex            #.......     34%         2    ###....
 Mephitic Cloud           Conj/Pois/Air  #.......     54%         3    ####...
 Blink                    Tloc           N/A          28%         2    ###....
 Call Imp                 Summ           #.......     28%         2    ###....


Dungeon Overview and Level Annotations

Branches:
Dungeon (2/15)

Altars:
Ashenzari
Wu Jian


Innate Abilities, Weirdness & Mutations

You are too large for most types of armour.
You have claws for hands.
Your metabolism is lightning-fast.
You like to eat raw meat.
Your natural rate of healing is unusually fast.
You are covered in fur. (AC +1)
You have very tough skin. (AC +2)


Message History

You barely miss the ogre!
The ogre is heavily wounded!
The ogre hits you with a giant spiked club!!! * * * don't die
* * * You are too injured to fight recklessly!!!
You are too injured to fight recklessly!!!
You are too injured to fight recklessly!!!
Unknown command!
There are monsters nearby!!!
You are too butt to fight recklessly!!!
You are too injured to fight recklessly!!!
You are too injured to fight recklessly!!!
You are too injured to fight recklessly!!!
Unknown command!
There are monsters nearby!!!
The orc priest looks encouraged for a moment!
The orc priest casts a cantrip, but nothing happens!
The orc priest invokes the aid of Beogh against you!
Beogh smites you!!! rip

#... #... #..! #####
#... #...# #...
#...# ... #...#
####.#.#########...#
.......o.O.o@......#
.#####o#########...#
#. #...# .. #...#


.oo ##.## ##Z. #.# ... #.# .⌠. #.# #.# You could see an ogre, an orc priest and
2 orcs.

Vanquished Creatures
  An iguana (D:4)
  2 adders (D:2)
  2 dart slugs (D:1)
  A leopard gecko (D:4)
  A giant cockroach (D:1)
  5 goblins
  4 hobgoblins
  5 jackals (D:1)
  4 kobolds
  A ball python (D:4)
  2 bats (D:1)
  A frilled lizard (D:2)
  4 rats (D:1)
33 creatures vanquished.

Notes
Turn   | Place    | Note
-------+----------+-------------------------------------------
     0 | D:1      | Gorglomux the Troll Wizard began the quest for the Orb.
     0 | D:1      | Reached XP level 1. HP: 16/16 MP: 2/2
    88 | D:1      | Reached skill level 1 in Unarmed Combat
   115 | D:1      | Reached XP level 2. HP: 17/24 MP: 4/4
   236 | D:1      | Reached skill level 2 in Unarmed Combat
   271 | D:1      | Found a shattered altar of Ashenzari.
   514 | D:1      | Reached XP level 3. HP: 28/32 MP: 5/5
   942 | D:2      | Reached skill level 1 in Fighting
  1074 | D:2      | Found an ornate altar of the Wu Jian Council.
  1074 | D:2      | You fall through a shaft for 2 floors!
  1080 | D:4      | Reached skill level 3 in Unarmed Combat
  1080 | D:4      | Reached XP level 4. HP: 19/42 MP: 6/6
  1201 | D:4      | Noticed an ogre
  1211 | D:4      | Killed from afar by an orc priest

Skill      XL: |  1  2  3 |
---------------+----------+-----
Unarmed Combat | 1 2 3 |  3.1
Fighting       | 1 |  1.7
Dodging        | |  1.5
Stealth        | |  1.0
Spellcasting   | |  2.0
Conjurations   | |  0.6
Summonings     | |  0.6
Translocations | |  0.6

Action                   |  1- 3 |  4- 6 || total
-------------------------+-------+-------++-------
Melee: Unarmed           |   106 |     7 ||   113
  Eat: Chunk             |    15 |     2 ||    17
Armor: Robe              |    43 |     1 ||    44
Dodge: Dodged            |    52 |       ||    52
